 Dungeon Crawl Stone Soup version 0.23.2-40-g277498a001 (webtiles) character file.

Game seed: 10068857169830728159

58 Ishchenko the Digger (level 4, -2/30 HPs)
             Began as a Human Earth Elementalist on Sept 14, 2019.
             Slain by Grinder (5 damage)
             ... on level 3 of the Dungeon.
             The game lasted 00:09:46 (2786 turns).

Ishchenko the Digger (Human Earth Elementalist)     Turns: 2786, Time: 00:09:46

Health: -2/30      AC:  3    Str:  8    XL:     4   Next: 20%
Magic:  8/8        EV: 12    Int: 16    God:
Gold:   161        SH:  0    Dex: 14    Spells: 2/8 levels left

rFire    + . .     SeeInvis .   e - +0 whip
rCold    x . .     Gourm    .   (no shield)
rNeg     . . .     Faith    .   c - +0 robe
rPois    .         Spirit   .   (no helmet)
rElec    .         Reflect  .   (no cloak)
rCorr    .         Harm     .   (no gloves)
MR       .....                  f - +0 pair of boots
Stlth    ++........             (no amulet)
HPRegen  0.10/turn              g - ring of fire
MPRegen  0.11/turn              (no ring)

@: no status effects
A: no striking features
a: no special abilities


You were on level 3 of the Dungeon.
You were not hungry.

You visited 1 branch of the dungeon, and saw 3 of its levels.

You collected 161 gold pieces.

Inventory:

Hand Weapons
 e - a +0 whip (weapon)
Missiles
 b - 74 stones (quivered)
Armour
 c - a +0 robe (worn)
 f - a +0 pair of boots (worn)
Jewellery
 g - a ring of fire (left hand)
Scrolls
 h - a scroll of remove curse
 i - 3 scrolls of fog
Potions
 a - a potion of might {unknown}
 j - a potion of heal wounds {unknown}
 l - a potion of flight {unknown}
 m - 2 potions of curing {unknown}
 o - a potion of magic {unknown}
Comestibles
 d - 4 rations
 n - a chunk of flesh


   Skills:
 + Level 0.5 Maces & Flails
 + Level 2.2 Dodging
 + Level 2.1 Stealth
 + Level 2.9 Spellcasting
 + Level 1.0 Transmutations
 + Level 3.7 Earth Magic


You had 2 spell levels left.
You knew the following spells:

 Your Spells              Type           Power        Failure   Level  Hunger
a - Sandblast             Erth           ##....       4%          1    #......
b - Passwall              Tmut/Erth      #.......     11%         2    ##.....
c - Stone Arrow           Conj/Erth      #.....       26%         3    ###....

Your spell library contained the following spells:

 Spells                   Type           Power        Failure   Level  Hunger
 Petrify                  Tmut/Erth      #.......     56%         4    #####..
 Lee's Rapid Deconstruct  Erth           ##........   75%         5    ######.


Dungeon Overview and Level Annotations

Branches:
Dungeon (3/15)

Altars:

Annotations:
D:3 Grinder, Robin


Message History

You can't see that place.
This rock feels extremely deep.
The hobgoblin barely misses you. The hobgoblin hits you.
The hobgoblin closely misses you.
Found a stone staircase leading down.
The hobgoblin closely misses you.
You swing at nothing.
The hobgoblin barely misses you. The hobgoblin hits you.
Found a dagger.
Grinder comes into view.
Grinder shouts!
Grinder gestures at you. Pain shoots through your body!
Grinder says, "DUCK!"
Grinder gestures at you. Pain shoots through your body! Grinder hits you!
* * * LOW HITPOINT WARNING * * *
You writhe in agony.
You die...

##.# #g.# #.## ###
#######s# ..#
#.....g.# #..
#......g# #.#
#.......# #.# .#
#.....5g# #.##.#
#.....@.# #.##.#
######+############
#..#.#
#.#..........#
#####.#.#
#..........#.#
#...#.#.#
#.#.######.#.#####
'...'.#.#
#.#......(........
#...#...#
#.###.####.#.###.#
#...#...########.#
#.####.#.# #.#
#...#............#
#......#.# #.#


You could see Grinder, a giant cockroach, 2 hobgoblins and 2 goblins.

Vanquished Creatures
  2 dart slugs (D:1)
  3 leopard geckos
  An orc (D:3)
  A ball python (D:1)
  A giant cockroach (D:2)
  8 hobgoblins
  9 bats
  2 frilled lizards
  6 goblins
  7 kobolds
  9 rats
49 creatures vanquished.

Notes
Turn   | Place    | Note
-------+----------+-------------------------------------------
     0 | D:1      | Ishchenko the Human Earth Elementalist began the quest for
                  | the Orb.
     0 | D:1      | Reached XP level 1. HP: 13/13 MP: 3/3
    99 | D:1      | Reached XP level 2. HP: 17/19 MP: 0/5
   584 | D:1      | Reached XP level 3. HP: 24/24 MP: 4/6
  2076 | D:3      | Reached XP level 4. HP: 29/30 MP: 8/8
  2374 | D:3      | Learned a level 2 spell: Passwall
  2378 | D:3      | Learned a level 3 spell: Stone Arrow
  2720 | D:3      | Noticed Robin
  2781 | D:3      | Noticed Grinder
  2786 | D:3      | Slain by Grinder

Action                   |  1- 3 |  4- 6 || total
-------------------------+-------+-------++-------
Melee: Unarmed           |     3 |       ||     3
       Whip              |    64 |    31 ||    95
 Cast: Sandblast         |    36 |     9 ||    45
       Passwall          |       |     2 ||     2
  Use: Scroll            |     1 |     1 ||     2
 Stab: Sleeping          |     3 |       ||     3
  Eat: Chunk             |     1 |     2 ||     3
       Ration            |     1 |       ||     1
Armor: Robe              |    13 |    11 ||    24
Dodge: Dodged            |    56 |    41 ||    97
